cohdb
Replays
Latest Replays
All Replays
Popular Replays
Top Player Replays
Match Explorer
How It Works
Community
CoH3 Stats
Reddit
Sign in to upload your games and track your stats! →
Sign in with Steam
Match 41372261
Unlisted
Match 41372261
Overview
Messages
Build Orders
End
Kradschützen Motorcycle Team
Panzerpioneer Squad
Panzerpioneer Squad
Panzerpioneer Squad
Panzerpioneer Squad
Panzerpioneer Squad
Construct Light Support Kompanie
Selects Panzerjäger Kommand Battlegroup
Selects Tank Busters
Selects Mine Fields
Construct Mechanized Kompanie
Panzerjäger Mechanized Group
Selects Crew Shock Tactics
8 Rad Armored Car
2.5-tonne Medical Truck
Vehicle Survival Package
Nikname2303
只愛❤毛妹
0
0
Comments
sign in to comment!
No comments posted yet!